 Dungeon Crawl Stone Soup version 0.17.1-3-g152610e (webtiles) character file.

191 WarriorsX the Slasher (level 6, 0/47 HPs)
             Began as a Human Fighter on Mar 14, 2016.
             Slain by an orc wizard
             ... wielding a +0 dagger
              (1 damage)
             ... on level 3 of the Dungeon.
             The game lasted 00:08:29 (2447 turns).

WarriorsX the Slasher (Human Fighter)               Turns: 2447, Time: 00:08:29

Health: 0/47       AC:  8    Str: 18    XL:     6   Next: 2%
Magic:  6/6        EV:  7    Int:  9    God:
Gold:   87         SH:  9    Dex: 12    Spells: 0 memorised, 5 levels left

rFire  . . .     SeeInvis .     a - +0 long sword
rCold  . . .     Clarity  .     b - +0 scale mail
rNeg   . . .     SustAt   +     c - +0 shield
rPois  .         Gourm    .     (no helmet)
rElec  .         Spirit   .     m - +1 cloak
rCorr  .         Warding  .     (no gloves)
rMut   .         Stasis   .     (no boots)
MR     .....                    (no amulet)
Stlth  ..........               (no ring)
                                f - ring of sustain attributes

@: not resistant to hostile enchantments, extremely unstealthy
A: no striking features
a: no special abilities


You were on level 3 of the Dungeon.
You were hungry.

You visited 1 branch of the dungeon, and saw 3 of its levels.

You collected 87 gold pieces.

Inventory:

Hand Weapons
 a - a +0 long sword (weapon)
Armour
 b - a +0 scale mail (worn)
 c - a +0 shield (worn)
 l - a +1 cloak
 m - a +1 cloak (worn)
Jewellery
 f - a ring of sustain attributes (left hand)
Wands
 n - a wand of frost (24)
Scrolls
 g - a scroll of fog
 i - 2 scrolls of remove curse
 k - a scroll of teleportation
 p - a scroll of fear {unknown}
 s - a scroll of identify {unknown}
Potions
 d - 3 potions of might
 o - 2 potions of haste {unknown}
 q - a potion of resistance {unknown}
 r - a potion of agility {unknown}
Comestibles
 e - a bread ration
 h - 4 beef jerkies
 j - a meat ration
 t - a slice of pizza


   Skills:
 - Level 3.0 Fighting
 + Level 5.7 Long Blades
 - Level 3.0 Armour
 - Level 3.0 Shields


You had 5 spell levels left.
You didn't know any spells.

Dungeon Overview and Level Annotations

Branches:
Dungeon (3/15)

Altars:


Message History

The magic dart hits you!
You miss something. Something hits you.
* * * LOW HITPOINT WARNING * * *
You hit something but do no damage. Something hits you but does no damage.
Your scale mail prevents you from hitting something.
You hear some strange, mumbled words.
A magic dart appears from out of thin air!
The magic dart hits you!
* * * LOW HITPOINT WARNING * * *
You hit something. You block its attack.
You miss something.
An orc wizard appears from thin air!
Reactivating autopickup.
The orc wizard points at you and mumbles some strange words.
The puff of flame hits you!
* * * LOW HITPOINT WARNING * * *
The orc wizard closely misses you.
You hit the orc wizard but do no damage.
The orc wizard is severely wounded.
The orc wizard hits you with a dagger.
You die...

#... #.#####.# #... ...
..#.# ## #..# #..
.......# #..# #.#
#.#.##.# ###..# #.#
#.#.##.# #....# #.#
#.#.##.#
###.##.####.###......#
.........).........#..#
..........o@..#######>.#
#.###..######..........#
# #..........#
#.#######)## .# #.
##......###.# #.# .#.
#...........# #.# #^#
##......###.# #.# #.#
#....#.# #.# #.# #.#
#...##.###.# #.# #.#
#..###.....#######.#


You could see an orc wizard.

Vanquished Creatures
  9 adders (D:2)
  2 gnolls (D:1)
  A giant gecko (D:1)
  7 orcs (D:3)
  4 giant cockroaches
  4 goblins
  8 hobgoblins
  3 kobolds (D:2)
  A ball python (D:1)
  10 bats
  2 giant newts
  20 jackals
  8 rats
79 creatures vanquished.

Notes
Turn   | Place    | Note
--------------------------------------------------------------
     0 | D:1      | WarriorsX the Human Fighter began the quest for the Orb.
     0 | D:1      | Reached XP level 1. HP: 18/18 MP: 1/1
   145 | D:1      | Reached XP level 2. HP: 17/24 MP: 2/2
   447 | D:1      | Reached XP level 3. HP: 29/29 MP: 3/3
   971 | D:2      | Reached XP level 4. HP: 28/35 MP: 4/4
   981 | D:2      | Reached skill level 4 in Long Blades
  1656 | D:2      | Reached XP level 5. HP: 41/41 MP: 5/5
  1739 | D:2      | Reached skill level 5 in Long Blades
  2407 | D:3      | Reached XP level 6. HP: 45/47 MP: 6/6
  2446 | D:3      | HP: 1/47 [orc wizard/puff of flame (9)]
  2447 | D:3      | Slain by an orc wizard

Action                   |  1- 3 |  4- 6 || total
-------------------------+-------+-------++-------
Melee: Long sword        |   108 |   229 ||   337
  Use: Scroll            |     6 |       ||     6
 Stab: Distracted        |       |     1 ||     1
  Eat: Chunk             |       |     5 ||     5
